 Dungeon Crawl Stone Soup version 0.24-a0-22-g2a401c0 (webtiles) character file.

Game seed: 1191417317245675696

1732 Borgoz the Cleaver (level 9, -4/79 HPs)
             Began as a Hill Orc Monk on Feb 1, 2019.
             Slain by a basilisk (6 damage)
             ... while petrified by a basilisk
             ... on level 7 of the Dungeon.
             The game lasted 00:10:46 (8152 turns).

Borgoz the Cleaver (Hill Orc Monk)                  Turns: 8152, Time: 00:10:48

Health: -4/79      AC:  9    Str: 14    XL:     9   Next: 5%
Magic:  11/11      EV:  2    Int: 12    God:
Gold:   522        SH:  0    Dex: 21    Spells: 8/8 levels left

rFire    . . .     SeeInvis .   a - +0 hand axe
rCold    . . .     Gourm    .   (no shield)
rNeg     + + +     Faith    .   y - +0 ring mail of Wuehyd Wamp {+Blink Int+2 Stlth+} (curse)
rPois    ∞         Spirit   .   p - +0 hat
rElec    .         Reflect  .   f - scarf {cloud immunity}
rCorr    .         Harm     .   (no gloves)
MR       .....                  l - +2 pair of boots
Stlth    +++.......             (no amulet)
HPRegen  0.23/turn              w - +5 ring of dexterity
MPRegen  0.12/turn              (no ring)

@: petrified
A: no striking features
a: Evoke Blink


You were on level 7 of the Dungeon.
You were hungry.

You visited 2 branches of the dungeon, and saw 8 of its levels.

You collected 522 gold pieces.

Inventory:

Hand Weapons
 a - a +0 hand axe (weapon)
Armour
 d - a +0 chain mail
 f - a scarf of cloud immunity (worn)
 l - a +2 pair of boots (worn)
 p - a +0 hat (worn)
 y - the cursed +0 ring mail of Wuehyd Wamp (worn) {+Blink Int+2 Stlth+}
   (You found it on level 5 of the Dungeon)

   It affects your intelligence (+2).
   It lets you blink.
   It makes you more stealthy.
   It has a curse placed upon it.
Jewellery
 w - a +5 ring of dexterity (left hand)
Wands
 q - a wand of acid (9)
 u - a wand of scattershot (4)
Scrolls
 h - a scroll of fog {unknown}
 i - a scroll of random uselessness {unknown}
 k - a scroll of immolation {unknown}
 m - a scroll of enchant armour {unknown}
 n - 3 scrolls of teleportation
 o - 4 scrolls of amnesia {unknown}
 r - 2 scrolls of magic mapping {unknown}
 s - a scroll of blinking {unknown}
 t - a scroll of identify
 v - a scroll of enchant weapon {unknown}
 x - a scroll of remove curse {unknown}
Potions
 b - 2 potions of mutation
 e - a potion of haste {unknown}
 g - 3 potions of lignification
 j - 2 potions of curing
Comestibles
 c - 9 rations


   Skills:
 + Level 7.4 Fighting
 + Level 8.2 Axes
 + Level 5.6 Armour
 + Level 5.1 Dodging
 - Level 1.5 Stealth
 + Level 2.9 Evocations


You had 8 spell levels left.
You didn't know any spells.
Your spell library contained the following spells:

 Spells                   Type           Power        Failure   Level  Hunger
 Summon Small Mammal      Summ           #...         54%         1    ##.....
 Call Imp                 Summ           #.......     67%         2    ###....
 Call Canine Familiar     Summ           #.......     88%         3    ####...
 Summon Guardian Golem    Hex/Summ       #.......     88%         3    ####...
 Summon Ice Beast         Ice/Summ       #.......     99%         4    #####..
 Summon Lightning Spire   Summ/Air       #.......     99%         4    #####..


Dungeon Overview and Level Annotations

Branches:
Dungeon (7/15)             Temple (1/1) D:5

Altars:
Ashenzari
Cheibriados
Dithmenos
Elyvilon
Fedhas
Gozag
Hepliaklqana
Kikubaaqudgha
Nemelex Xobeh
Okawaru
Qazlal
Ru
Sif Muna
Trog
Uskayaw
Wu Jian
Xom
Zin
The Shining One
Beogh


Message History

The hound barks!
The basilisk gazes at you. You resist with some effort.
The basilisk bites you but does no damage.
The hound bites you but does no damage. The basilisk bites you.
* * * LOW HITPOINT WARNING * * *
The hound bites you but does no damage. The basilisk gazes at you.
The hound bites you but does no damage. The hound bites you but does no damage.
The basilisk bites you.
* * * LOW HITPOINT WARNING * * *
The hound bites you.
* * * LOW HITPOINT WARNING * * *
The basilisk bites you!
* * * LOW HITPOINT WARNING * * *
The hound bites you but does no damage. The hound bites you but does no damage.
The basilisk bites you!
* * * LOW HITPOINT WARNING * * *
The hound bites you. The basilisk bites you!
You die...

#. #. #.# ## #.
#.. . #. #..
....## #. #.#
#... # #. #.#
#### # #.#. #.#
# #####
....#..###.#.#
#....
#..h@.....#
#.###
#....l...(.....
###############


You could see a basilisk and a hound.

Vanquished Creatures
  An orc warrior (D:6)
  An ice beast (D:7)
  3 ogres
  2 phantoms
  A centaur (D:7)
  A bullfrog (D:6)
  A water moccasin zombie (D:5)
  4 scorpions
  An electric eel (D:6)
  A bullfrog zombie (D:7)
  A crimson imp (D:7)
  A jelly (D:5)
  An orc priest (D:3)
  2 hounds
  Natasha (thrice) (D:2)
  2 orc wizards
  5 worker ants
  A killer bee zombie (D:7)
  4 gnolls (D:4)
  5 adders
  A shadow imp (D:6)
  An ooze (D:2)
  3 worms
  2 dart slugs
  5 leopard geckos
  13 orcs
  6 bats
  5 giant cockroaches
  8 goblins
  9 hobgoblins
  14 jackals
  5 kobolds
  6 quokkas
  2 ball pythons
  A ball python skeleton (D:4)
  3 frilled lizards
  10 rats
135 creatures vanquished.

Notes
Turn   | Place    | Note
-------+----------+-------------------------------------------
     0 | D:1      | Borgoz the Hill Orc Monk began the quest for the Orb.
     0 | D:1      | Reached XP level 1. HP: 19/19 MP: 1/1
    90 | D:1      | Reached XP level 2. HP: 27/27 MP: 2/2
   337 | D:1      | Reached skill level 1 in Armour
   450 | D:1      | Reached XP level 3. HP: 17/33 MP: 3/3
  1602 | D:2      | Noticed Natasha
  1612 | D:2      | Killed Natasha
  1612 | D:2      | Reached XP level 4. HP: 21/41 MP: 4/4
  1927 | D:3      | Reached skill level 5 in Axes
  1973 | D:3      | Reached XP level 5. HP: 30/47 MP: 5/5
  2536 | D:3      | Found a roughly hewn altar of Beogh.
  3049 | D:2      | Noticed Natasha
  3061 | D:2      | Killed Natasha
  3228 | D:2      | Noticed Natasha
  3246 | D:2      | Killed Natasha
  3246 | D:2      | Reached skill level 5 in Fighting
  3246 | D:2      | Reached XP level 6. HP: 39/56 MP: 6/6
  3333 | D:4      | Found a snail-covered altar of Cheibriados.
  3561 | D:4      | Noticed a phantom
  3610 | D:4      | Killed a phantom
  3610 | D:4      | Reached skill level 6 in Axes
  3765 | D:4      | Reached XP level 7. HP: 43/61 MP: 7/7
  4115 | D:4      | Found a glowing silver altar of Zin.
  4116 | D:4      | Found a hide-covered altar of Uskayaw.
  4119 | D:4      | Found a shimmering altar of Xom.
  4120 | D:4      | Found a shadowy altar of Dithmenos.
  4340 | D:5      | Entered Level 5 of the Dungeon
  5039 | D:5      | Found a staircase to the Ecumenical Temple.
  5077 | D:5      | Found a sparkling altar of Nemelex Xobeh.
  5101 | D:5      | Got a scorched ring mail
  5112 | D:5      | Identified the cursed +0 ring mail of Wuehyd Wamp {+Blink
                  | Int+2 Stlth+} (You found it on level 5 of the Dungeon)
  5409 | D:5      | Reached skill level 7 in Axes
  5409 | D:5      | Reached XP level 8. HP: 70/71 MP: 8/8
  5516 | Temple   | Entered the Ecumenical Temple
  6484 | D:6      | Reached skill level 1 in Evocations
  6710 | D:6      | Found a stormy altar of Qazlal.
  6710 | D:6      | Found a blossoming altar of Fedhas.
  6770 | D:6      | Reached skill level 5 in Armour
  7184 | D:6      | Found a glowing golden altar of the Shining One.
  7776 | D:7      | Reached skill level 5 in Dodging
  7783 | D:7      | Found an ornate altar of the Wu Jian Council.
  7808 | D:7      | Reached skill level 8 in Axes
  7822 | D:7      | Reached XP level 9. HP: 69/79 MP: 11/11
  8151 | D:7      | HP: 2/79 [basilisk (8)]
  8152 | D:7      | Slain by a basilisk

Vault maps used:
D:1:      onia_arrival_handbag, minmay_tromino_v4_c
D:2:      first_ration, kennysheep_generic_room_7, uniq_natasha
D:3:      kennysheep_orc_chapel
D:4:      minitemple, cheibriados_altar_1
D:5:      nemelex_xobeh_ov_fountains_minmay, minmay_temple_entry_grid,
          kennysheep_minor_cross
D:6:      grunt_temple_overflow_forces_of_nature, kennysheep_little_box,
          minivault_4
D:7:      cheibrodos_fzero, old_standard_altar, makhleb_grotto_becter
Temple:   nicolae_temple_figure_zero

Skill      XL: |  1  2  3  4  5  6  7  8 |
---------------+-------------------------+-----
Armour         | 1 2 3 4 5 |  5.6
Fighting       | 4 5 6 7 |  7.4
Dodging        | 3 4 5 |  5.1
Axes           | 5 6 7 8 |  8.2
Evocations     | 2 |  2.9
Stealth        | |  1.5

Action                   |  1- 3 |  4- 6 |  7- 9 || total
-------------------------+-------+-------+-------++-------
Melee: Hand axe          |   144 |   243 |   423 ||   810
 Abil: Evoke Blink       |       |       |     1 ||     1
  Use: Scroll            |       |     5 |     2 ||     7
       Potion            |       |     1 |     6 ||     7
 Stab: Invisible         |       |     4 |     2 ||     6
       Sleeping          |       |       |     3 ||     3
  Eat: Chunk             |     2 |     7 |    11 ||    20
       Ration            |       |       |     1 ||     1
Armor: Chain mail        |   131 |   179 |    67 ||   377
       Robe              |     1 |       |       ||     1
       Ring mail         |       |       |    70 ||    70
       Skin              |       |       |    29 ||    29
Dodge: Dodged            |    61 |    84 |   203 ||   348

Table legend:
 A = Non-vault XP
 B = Vault XP
 C = Vault XP percentage of total XP
 D = Non-vault monster count
 E = Vault monster count
 F = Vault count percentage of total count
                 A         B        C        D         E       F
            +---------+---------+-------+---------+---------+-------
      Total |    2349 |     126 |   5.1 |     123 |      12 |   8.9
            +---------+---------+-------+---------+---------+-------
        D:1 |      46 |       7 |  13.2 |      23 |       6 |  20.7
        D:2 |      99 |      37 |  27.2 |      10 |       2 |  16.7
        D:3 |      70 |      82 |  53.9 |      26 |       4 |  13.3
        D:4 |     443 |       0 |   0.0 |      17 |       0 |   0.0
        D:5 |     487 |       0 |   0.0 |      14 |       0 |   0.0
        D:6 |     593 |       0 |   0.0 |      20 |       0 |   0.0
        D:7 |     611 |       0 |   0.0 |      13 |       0 |   0.0
            +---------+---------+-------+---------+---------+-------
